 Dungeon Crawl Stone Soup version 0.28.0 (webtiles) character file.

Game seed: 11362461077967975065

33 raph the Grave Robber (level 3, -1/26 HPs)
             Began as a Hill Orc Necromancer on Feb 10, 2022.
             Killed from afar by Sigmund (9 damage)
             ... with a puff of flame
             ... on level 2 of the Dungeon.
             The game lasted 00:03:38 (1978 turns).

raph the Grave Robber (Hill Orc Necromancer)        Turns: 1978, Time: 00:03:39

Health: -1/26      AC:  4    Str: 10    XL:     3   Next: 29%
Magic:  0/5        EV: 12    Int: 17    God:
Gold:   111        SH:  0    Dex: 11    Spells: 3/5 levels left

rFire   . . .      SeeInvis .   e - +0 dagger
rCold   . . .      Faith    .   (no shield)
rNeg    . . .      Spirit   .   a - +0 robe
rPois   .          Reflect  .   (no helmet)
rElec   .          Harm     .   g - +1 cloak
rCorr   .          Rampage  .   (no gloves)
Will    .....                   (no boots)
Stlth   +.........              (no amulet)
HPRegen 0.08/turn               (no ring)
MPRegen 0.09/turn               (no ring)

@: confused
A: no striking features
a: no special abilities


You were on level 2 of the Dungeon.
You visited 1 branch of the dungeon, and saw 2 of its levels.

You collected 111 gold pieces.

Inventory:

Hand Weapons
 e - a +0 dagger (weapon)
Armour
 a - a +0 robe (worn)
 g - a +1 cloak (worn)
Potions
 b - a potion of heal wounds
 c - a potion of resistance {unknown}
 d - a potion of flight {unknown}
 f - a potion of brilliance {unknown}
 h - a potion of mutation {unknown}
 i - a potion of curing {unknown}
 j - 2 potions of attraction {unknown}


   Skills:
 - Level 1.5 Dodging
 - Level 1.5 Stealth
 - Level 1.5 Spellcasting
 + Level 5.1 Necromancy


You had 3 spell levels left.
You knew the following spells:

 Your Spells              Type           Power      Damage    Failure   Level
a - Pain                  Necr           72%        1d7       2%          1
b - Animate Skeleton      Necr           36%        N/A       2%          1

Your spell library contained the following spells:

 Spells                   Type           Power      Damage    Failure   Level
 Vampiric Draining        Necr           18%        2d7       8%          3
 Animate Dead             Necr           9%         N/A       26%         4
 Agony                    Necr           18%        N/A       56%         5


Dungeon Overview and Level Annotations

Branches:
Dungeon (2/15)

Altars:

Annotations:
D:2 Sigmund


Message History

You start resting.
HP restored.
Found a stone staircase leading down.
Found 13 stones.
Sigmund the Dreaded comes into view.
He is wielding a +0 scythe.
Sigmund shouts!
Sigmund points at you and mumbles some strange words.
You resist with significant effort.
Sigmund points at you and mumbles some strange words.
The puff of flame hits you!
Aiming: Pain (safe; 2% risk of failure)
Press: ? - help, Q - select action, (/) - cycle Shift-Dir - straight line, f - you
Okay, then.
Sigmund screams, "I am the angel of ZOT!!!"
Aiming: Pain (safe; 2% risk of failure)
Press: ? - help, Q - select action, (/) - cycle Shift-Dir - straight line, f - Sigmund
Aim: Sigmund, wielding a +0 scythe and wearing a +0 robe (chance to affect: 83%) Sigmund writhes in agony.
Aiming: Pain (safe; 2% risk of failure)
Press: ? - help, Q - select action, (/) - cycle Shift-Dir - straight line, f/p - Sigmund
Aim: Sigmund, wielding a +0 scythe and wearing a +0 robe (lightly wounded, chance to affect: 83%) Sigmund writhes in agony.
Aiming: Pain (safe; 2% risk of failure)
Press: ? - help, Q - select action, (/) - cycle Shift-Dir - straight line, f/p - Sigmund
Aim: Sigmund, wielding a +0 scythe and wearing a +0 robe (lightly wounded, chance to affect: 83%) Sigmund barely resists.
Aiming: Pain (safe; 2% risk of failure)
Press: ? - help, Q - select action, (/) - cycle Shift-Dir - straight line, f/p - Sigmund
Aim: Sigmund, wielding a +0 scythe and wearing a +0 robe (lightly wounded, chance to affect: 83%) Sigmund writhes in agony.
Aiming: Pain (safe; 2% risk of failure)
Press: ? - help, Q - select action, (/) - cycle Shift-Dir - straight line, f/p - Sigmund
Aim: Sigmund, wielding a +0 scythe and wearing a +0 robe (moderately wounded, chance to affect: 83%) Sigmund writhes in agony.
Sigmund gestures at you while chanting.
You are confused.
Sigmund hits you with a +0 scythe. Sigmund gestures at you while chanting.
The puff of flame hits you!
You die...

..#.........#*#..........*
............###..........*
............#..........#**
............#..........#
...#†..(....#..........#*****
........#.###.........,,,,,,*
...)...##.# #..@...#,,,,,,,,*
..........###......#,,,,,,,,*
................@..#,.,,,,,,*
...................#...,,,,,*
........................,,,,*
....#.....####..........*****
..###...................#
........................#
........................#
..........##............#
..........##............*


You could see Sigmund.

Vanquished Creatures
  2 dart slugs
  An endoplasm (D:1)
  3 hobgoblins
  2 jackals (D:1)
  3 quokkas
  2 ball pythons
  3 bats
  2 frilled lizards (D:2)
  A goblin (D:1)
  5 kobolds
  2 rats (D:2)
26 creatures vanquished.

Vanquished Creatures (collateral kills)
  A hobgoblin (D:2)
  A quokka (D:1)
2 creatures vanquished.

Grand Total: 28 creatures vanquished

Notes
Turn   | Place    | Note
-------+----------+-------------------------------------------
     0 | D:1      | raph the Hill Orc Necromancer began the quest for the Orb.
     0 | D:1      | Reached XP level 1. HP: 14/14 MP: 3/3
    28 | D:1      | Learned a level 1 spell: Animate Skeleton
   669 | D:1      | Reached XP level 2. HP: 13/20 MP: 1/4
  1602 | D:2      | Reached XP level 3. HP: 24/26 MP: 5/5
  1674 | D:2      | Reached skill level 5 in Necromancy
  1968 | D:2      | Noticed Sigmund
  1978 | D:2      | Killed from afar by Sigmund

Illustrated notes

Levels and vault maps discovered:
D:1:      dpeg_arrival_short_road, layout_loops_ring
D:2:      layout_basic, minmay_statues_item, minmay_between, uniq_sigmund

Skill      XL: |  1  2  3 |
---------------+----------+-----
Necromancy     | 5 |  5.1
Dodging        | |  1.5
Stealth        | |  1.5
Spellcasting   | |  1.5

Action                   || total
-------------------------++-------
Melee: Dagger            ||    29
 Cast: Pain              ||    38
       Animate Skeleton  ||     7
  Use: Scroll            ||     3
 Stab: Sleeping          ||     3
Armor: Robe              ||     5
Dodge: Dodged            ||    29
